 Dungeon Crawl Stone Soup version 0.18.1-48-g4cf74bf (webtiles) character file.

185 Matyi1199 the Shield-Bearer (level 5, 0/45 HPs)
             Began as a Human Fighter on June 24, 2016.
             Was an Initiate of Nemelex Xobeh.
             Slain by Grinder (3 damage)
             ... on level 3 of the Dungeon.
             The game lasted 00:20:17 (2047 turns).

Matyi1199 the Shield-Bearer (Human Fighter)         Turns: 2047, Time: 00:20:18

Health: 0/45       AC: 10    Str: 17    XL:     5   Next: 96%
Magic:  7/7        EV:  9    Int:  8    God:    Nemelex Xobeh [......]
Gold:   128        SH: 10    Dex: 13    Spells: 0 memorised, 8 levels left

rFire  + . .     SeeInvis .     a - +0 long sword
rCold  + . .     Gourm    .     b - +1 scale mail
rNeg   . . .     Faith    .     c - +0 shield
rPois  +         Spirit   .     (no helmet)
rElec  +         Dismiss  +     (no cloak)
rCorr  +         Reflect  .     h - +0 pair of gloves
SustAt .         Harm     .     (no boots)
MR     .....                    k - amulet of dismissal
Stlth  +.........               (no ring)
                                (no ring)

@: exhausted, resistant, very slightly contaminated, hasted and slowed, not
resistant to hostile enchantments, very unstealthy
A: hooves 1, rugged brown scales 1, low mp 1
a: Renounce Religion


You were on level 3 of the Dungeon.
You worshipped Nemelex Xobeh.
Nemelex Xobeh was noncommittal.
You were very hungry.

You visited 1 branch of the dungeon, and saw 3 of its levels.

You collected 128 gold pieces.

Inventory:

Hand Weapons
 a - a +0 long sword (weapon)
Armour
 b - a +1 scale mail (worn)
 c - a +0 shield (worn)
 h - a +0 pair of gloves (worn)
Jewellery
 k - an amulet of dismissal (around neck)
Scrolls
 j - a scroll of remove curse
Comestibles
 g - 3 meat rations


   Skills:
 + Level 5.4 Fighting
 + Level 4.8 Long Blades
 + Level 2.4 Throwing
 + Level 5.5 Armour
 + Level 4.2 Dodging
 + Level 3.0 Stealth
 + Level 5.6 Shields
 + Level 2.4 Unarmed Combat
 + Level 2.3 Spellcasting
 + Level 2.6 Evocations


You had 8 spell levels left.
You didn't know any spells.

Dungeon Overview and Level Annotations

Branches:
Dungeon (3/15)

Altars:
Ashenzari
Gozag
Nemelex Xobeh
Zin

Annotations:
D:3 Gargoyl's ghost, amateur DsAK; Grinder


Innate Abilities, Weirdness & Mutations

You have large cloven feet.
You are partially covered in rugged brown scales (AC +1, +3% HP).
Your magical capacity is low (-10% MP).


Message History

You feel yourself slow down.
You are feeling very hungry.
Things that are here:
an enchanted dagger; a leather armour You closely miss Grinder.
You kick Grinder, but do no damage.
Grinder says, "I used to sell toenails on the black market."
Grinder hits you.
* * * LOW HITPOINT WARNING * * *
You writhe in agony.
* * * LOW HITPOINT WARNING * * *
It was a potion of resistance.
You feel protected. You block Grinder's attack. Grinder gestures at you.
You resist with significant effort.
You draw a card...
It is the Illusion.
The deck of cards disappears without a trace.
Suddenly you stand beside yourself. Grinder hits you.
You die...
Your body disappears without a glow.

***********######## #
,,,>,,,#,,,,......# #
******,#.,,,,.....# *######
,,,,,,,#..,,,,....# *......
,,,,*,,#...,,,,...* #######......
,,,,*,,#....,**#.####.....#......
,,,,*,,#.....###.#............###
,,,,*,,#.......)5.........#*#.#..
,,,,*,,#......##@#.#......# #.#.#
,,,,*,,+......*#@#.#......# #.#.#
,,,,**,#......*....#..5...# #.#.#
,,,****#############......###.#.#
**,* #........(#.#.# ,,,*
****♣###.......##.#.# **,*
********,*,...#............# ,,,*
*,,,**,,*,,..........###.### ****
*,,,,,****,.....#...####)###


You could see Grinder and the friendly Matyi1199's illusion.

Vanquished Creatures
  An orc priest (D:3)
  An adder (D:2)
  An ooze (D:3)
  3 worms (D:2)
  3 dart slugs (D:1)
  3 giant geckos
  7 orcs (D:3)
  2 giant cockroaches
  4 goblins
  6 hobgoblins
  4 jackals (D:3)
  A quokka (D:3)
  7 bats
  5 kobolds
  4 rats
52 creatures vanquished.

Notes
Turn   | Place    | Note
--------------------------------------------------------------
     0 | D:1      | Matyi1199 the Human Fighter began the quest for the Orb.
     0 | D:1      | Reached XP level 1. HP: 18/18 MP: 1/1
   209 | D:1      | Reached XP level 2. HP: 23/24 MP: 2/2
   656 | D:1      | Reached XP level 3. HP: 12/29 MP: 3/3
  1227 | D:2      | Found a sparkling altar of Nemelex Xobeh.
  1232 | D:2      | Found a glowing silver altar of Zin.
  1232 | D:2      | Found a shattered altar of Ashenzari.
  1278 | D:2      | Became a worshipper of Nemelex Xobeh the Trickster
  1337 | D:2      | Reached XP level 4. HP: 34/35 MP: 4/4
  1359 | D:2      | Received a gift from Nemelex Xobeh
  1362 | D:2      | Reached skill level 1 in Dodging
  1415 | D:2      | Found an opulent altar of Gozag.
  1473 | D:2      | Gained mutation: You are partially covered in rugged brown scales (AC +1, +3% HP). [potion of mutation]
  1473 | D:2      | Gained mutation: Your magical capacity is low (-10% MP). [potion of mutation]
  1473 | D:2      | Gained mutation: You have large cloven feet. [potion of mutation]
  1828 | D:3      | Reached skill level 5 in Fighting
  1828 | D:3      | Reached skill level 5 in Armour
  1828 | D:3      | Reached skill level 5 in Shields
  1828 | D:3      | Reached XP level 5. HP: 45/45 MP: 3/7
  1880 | D:3      | Noticed Gargoyl's ghost (amateur DsAK)
  1943 | D:3      | Noticed Grinder
  1944 | D:3      | Paralysed by Grinder for 5 turns
  1952 | D:3      | Paralysed by Grinder for 7 turns
  1962 | D:3      | Paralysed by Grinder for 5 turns
  2019 | D:3      | Paralysed by Grinder for 5 turns
  2047 | D:3      | Slain by Grinder

Skill      XL: |  1  2  3  4  5 |
---------------+----------------+-----
Dodging        | 4 |  4.2
Fighting       | 5 |  5.4
Long Blades    | 4 |  4.8
Throwing       | 2 |  2.4
Armour         | 5 |  5.5
Stealth        | 2 3 |  3.0
Shields        | 5 |  5.6
Unarmed Combat | 2 |  2.4
Spellcasting   | 2 |  2.3
Evocations     | 2 |  2.6

Action                   |  1- 3 |  4- 6 || total
-------------------------+-------+-------++-------
Melee: Long sword        |    96 |    88 ||   184
       Kick              |       |     9 ||     9
Evoke: Deck              |       |     5 ||     5
  Use: Scroll            |     3 |     6 ||     9
       Potion            |     2 |     9 ||    11
  Eat: Bread ration      |     1 |       ||     1
Armor: Scale mail        |    60 |    34 ||    94
Dodge: Dodged            |    40 |    30 ||    70
Block: Shield            |    66 |    48 ||   114
